 Dungeon Crawl Stone Soup version 0.29-a0-721-g7f417c9bbb (webtiles) character file.

Game seed: 16817590335577300479

10 crusatyr the Trooper (level 2, 0/24 HPs)
             Began as a Demonspawn Monk on June 27, 2022.
             Slain by a ball python (1 damage)
             ... on level 1 of the Dungeon.
             The game lasted 00:00:32 (164 turns).

crusatyr the Trooper (Demonspawn Monk)               Turns: 164, Time: 00:00:33

Health: 0/24       AC:  3    Str: 11    XL:     2   Next: 10%
Magic:  2/2        EV:  9    Int: 11    God:
Gold:   15         SH:  0    Dex: 15    Spells: 1/1 levels left

rFire   . . .      SeeInvis .   a - +0 falchion
rCold   . . .      Faith    .   (no shield)
rNeg    . . .      Spirit   .   e - +0 leather armour
rPois   .          Reflect  .   (helmet restricted)
rElec   .          Harm     .   (no cloak)
rCorr   .          Rampage  .   (no gloves)
Will    .....                   (no boots)
Stlth   ++........              (no amulet)
HPRegen 0.08/turn               (no ring)
MPRegen 0.08/turn               (no ring)

@: constricted
A: antennae 1
a: no special abilities


You were on level 1 of the Dungeon.
You visited 1 branch of the dungeon, and saw 1 of its levels.

You collected 15 gold pieces.

Inventory:

Hand Weapons
 a - a +0 falchion (weapon)
Armour
 e - a +0 leather armour (worn)
Scrolls
 b - a scroll of immolation {unknown}
 d - a scroll of magic mapping {unknown}
Potions
 c - a potion of ambrosia


   Skills:
 - Level 3.0 Fighting
 + Level 3.0 Long Blades
 - Level 2.6 Dodging
 + Level 2.2 Stealth


You had one spell level left.
You didn't know any spells.
Your spell library was empty.

Dungeon Overview and Level Annotations

Branches:
Dungeon (1/15)

Altars:


Innate Abilities, Weirdness & Mutations

You have a pair of small antennae on your head.


Message History

You barely miss the kobold. The bat closely misses you.
The kobold hits you with a +0 dagger. The bat hits you but does no damage.
You closely miss the bat.
The bat is severely wounded.
The bat closely misses you. The kobold hits you with a +0 dagger.
You hit the bat.
You kill the bat!
The kobold hits you with a +0 dagger. The rat bites you.
The kobold hits you with a +0 dagger.
You have reached level 2!
You feel monstrous as your demonic heritage exerts itself.
Your demonic ancestry asserts itself...
A pair of antennae grows on your head! The kobold attacks as you move away!
The kobold hits you with a +0 dagger.
* * * LOW HITPOINT WARNING * * *
The kobold throws a stone.
The stone closely misses you. The kobold closely misses you.
You closely miss the kobold. The kobold barely misses you.
You barely miss the kobold. The kobold hits you with a +0 dagger.
* * * LOW HITPOINT WARNING * * *
You slash the kobold!
You kill the kobold!
The rat bites you but does no damage. The ball python bites you.
* * * LOW HITPOINT WARNING * * *
The ball python grabs you. The ball python constricts you.
You escape the ball python's grasp.
You slash the rat!
You kill the rat!
The ball python bites you.
* * * LOW HITPOINT WARNING * * *
The ball python grabs you. The ball python constricts you.
You closely miss the ball python. The ball python barely misses you.
The ball python constricts you.
You barely miss the ball python.
The ball python bites you but does no damage.
The ball python constricts you. The ball python closely misses you.
The ball python constricts you.
* * * LOW HITPOINT WARNING * * *
You barely miss the ball python. The ball python bites you.
You die...

.. . .## ..# #.#
#.# #.# #@#
#S#### ###)...#
##...##.#
#..###..#
###.####.##
#######........#
......†........#
#......##......#
.


You could see a ball python.

Vanquished Creatures
  3 bats (D:1)
  An endoplasm (D:1)
  A quokka (D:1)
  2 ball pythons (D:1)
  2 kobolds (D:1)
  A rat (D:1)
10 creatures vanquished.

Notes
Turn   | Place    | Note
-------+----------+-------------------------------------------
     0 | D:1      | crusatyr the Demonspawn Monk began the quest for the Orb.
     0 | D:1      | Reached XP level 1. HP: 18/18 MP: 1/1
   149 | D:1      | Discovered your monstrous ancestry.
   149 | D:1      | Gained mutation: You have a pair of small antennae on your
                  | head. [demonic ancestry]
   149 | D:1      | Reached XP level 2. HP: 9/24 MP: 2/2
   163 | D:1      | HP: 1/24 [constriction (1)]
   164 | D:1      | Slain by a ball python

Illustrated notes

Levels and vault maps discovered:
D:1:      dreamdust_arrival_beginning_and_end, layout_rooms,
          ebering_ecumenical_altar_box, chequers_serial_rivers_small_3

Skill      XL: |  1 |
---------------+----+-----
Stealth        | 2 |  2.2
Long Blades    | 3 |  3.0
Fighting       | |  3.0
Dodging        | |  2.6

Action                   || total
-------------------------++-------
Melee: Falchion          ||    31
 Stab: Sleeping          ||     1
Armor: Robe              ||    10
       Leather armour    ||     5
Dodge: Dodged            ||    30

Table legend: (Time is in decaauts)
 A = Elapsed time spent in this place.
 B = Non-inter-level travel time spent in this place.
 C = Inter-level travel time spent in this place.
 D = Time resting spent in this place.
 E = Time spent auto-exploring this place.
 F = Levels seen in this place.
 G = Mean time per level.
                   A        B        C        D        E       F      G
               +--------+--------+--------+--------+--------+-----+--------+
         Total |    168 |    168 |      0 |      0 |     68 |   1 |  168.0 |
       Dungeon |    168 |    168 |      0 |      0 |     68 |   1 |  168.0 |
               +--------+--------+--------+--------+--------+-----+--------+

Top non-repeatable levels by time:
     D:1: 168 daAuts
